 Dungeon Crawl Stone Soup version 0.30.1-4-g462c640d31 (webtiles) character file.

Game seed: 9862711892508631486

7008 ralifanator the Grappler (level 10, 0/147 HPs)
             Began as a Troll Berserker on Aug 15, 2023.
             Was a High Priest of Trog.
             Slain by an 11-headed hydra (4 damage)
             ... on level 2 of the Lair of Beasts.
             The game lasted 00:29:48 (7562 turns).

ralifanator the Grappler (Troll Berserker)          Turns: 7562, Time: 00:29:50

Health: 0/147      AC:  7    Str: 31    XL:     10   Next: 82%
Magic:  18/18      EV: 11    Int:  3    God:    Trog [*****.]
Gold:   419        SH:  0    Dex:  9    Spells: 9/9 levels left

rFire   . .          .
                       - Unarmed
rCold   . . .        (no shield)
rNeg    . . .        f - +0 steam dragon scales
rPois   .            (helmet restricted)
rElec   .            (no cloak)
rCorr   .            (gloves unavailable)
SInv    .            (boots unavailable)
Will    .....        n - amulet of regeneration Stlth
                     r - ring of magical power
HPRegen 2.04/turn    (no ring)
MPRegen 0.16/turn

%: no passive effects
@: berserking, very quick
A: large, unfitting armour, claws 3, regeneration 1, shaggy fur 1, tough skin 1
a: Renounce Religion, Berserk, Trog's Hand, Brothers in Arms


You were on level 2 of the Lair of Beasts.
You worshipped Trog.
Trog was extremely pleased with you.
You visited 2 branches of the dungeon, and saw 10 of its levels.

You collected 419 gold pieces.

Inventory:

Armour
 a - a +0 animal skin
 f - +0 steam dragon scales (worn)
 t - a +2 barding
 E - the +2 robe "Ywken" {Fly rN+ Dex+3}
   (You found it on level 8 of the Dungeon)

   Dex:       It affects your dexterity (+3).
   rN:        It protects you from negative energy.
   Fly:       It grants you flight.
Jewellery
 n - an amulet of regeneration (around neck)
 r - a ring of magical power (left claw)
Wands
 m - a wand of acid (6)
 p - a wand of paralysis (8)
 q - a wand of roots (14)
 w - a wand of polymorph (6)
 H - a wand of flame (8)
Scrolls
 b - a scroll of immolation
 d - 2 scrolls of teleportation {unknown}
 g - a scroll of fog {unknown}
 h - 3 scrolls of silence
 i - a scroll of acquirement {unknown}
 k - a scroll of brand weapon {unknown}
 v - a scroll of amnesia {unknown}
 x - 2 scrolls of fear
 y - 2 scrolls of enchant armour {unknown}
 A - 2 scrolls of blinking {unknown}
 B - a scroll of vulnerability {unknown}
 C - a scroll of noise {unknown}
Potions
 c - 3 potions of degeneration
 e - 2 potions of heal wounds
 j - 3 potions of curing
 l - 2 potions of magic {unknown}
 o - a potion of lignification {unknown}
 s - 3 potions of mutation
 u - 2 potions of cancellation {unknown}
 z - 2 potions of might
 D - a potion of invisibility {unknown}
 F - a potion of flight {unknown}
 G - a potion of resistance {unknown}


   Skills:
 + Level 5.7 Fighting
 + Level 5.8 Dodging
 + Level 2.9 Stealth
 + Level 13.3 Unarmed Combat
 + Level 1.2 Evocations


You had 9 spell levels left.
You didn't know any spells.
Your spell library was empty.

Dungeon Overview and Level Annotations

Branches:
Dungeon (8/15)             Temple (0/1) D:5            Lair (2/5) D:8
  Swamp: Lair:2-3    Shoals: Lair:2-3     Snake: Lair:2-3    Spider: Lair:2-3

Altars:
Ashenzari
Cheibriados
Dithmenos
Elyvilon
Gozag
Hepliaklqana
Kikubaaqudgha
Okawaru
Qazlal
Wu Jian

Annotations:
D:5 2 transporters, Quickbrownfox's ghost, amateur DsCj
Lair:2 Gastronok


Innate Abilities, Weirdness & Mutations

You are too large for most types of armour.
You have claws for hands.
Your natural rate of healing is unusually fast.
You are covered in fur. (AC +1)
You have tough skin. (AC +1)


Message History

The nine-headed hydra closely misses you.
The nine-headed hydra bites you! The nine-headed hydra bites you. x2
You tear one of the nine-headed hydra's heads off!
The eight-headed hydra grows two more!
You claw the ten-headed hydra!
The ten-headed hydra is heavily wounded.
Your ogre hits the elephant with a +0 giant club!!!
You hear an angry growl.
You rip one of the ten-headed hydra's heads off!
The nine-headed hydra grows two more!
You mangle the 11-headed hydra!!
The 11-headed hydra is almost dead.
The elephant tramples your ogre!
Your ogre holds its ground!
Your ogre dies!
Your ogre's corpse disappears in a puff of smoke!
The 11-headed hydra completely misses you.
The 11-headed hydra closely misses you. The 11-headed hydra bites you!
* * * LOW HITPOINT WARNING * * *
The 11-headed hydra barely misses you. The 11-headed hydra bites you.
* * * LOW HITPOINT WARNING * * *
The 11-headed hydra bites you.
* * * LOW HITPOINT WARNING * * *
The 11-headed hydra bites you!
* * * LOW HITPOINT WARNING * * *
The 11-headed hydra closely misses you. x2; The 11-headed hydra misses you.
The 11-headed hydra bites you but does no damage.
You barely miss the 11-headed hydra.
The 11-headed hydra is almost dead.
You barely miss the 11-headed hydra.
The 11-headed hydra is almost dead.
The 11-headed hydra barely misses you. The 11-headed hydra bites you.
* * * LOW HITPOINT WARNING * * *
The 11-headed hydra bites you but does no damage.
The 11-headed hydra bites you!
* * * LOW HITPOINT WARNING * * *
The 11-headed hydra bites you but does no damage.
The 11-headed hydra closely misses you. The 11-headed hydra bites you!
* * * LOW HITPOINT WARNING * * *
The 11-headed hydra bites you.
* * * LOW HITPOINT WARNING * * *
The 11-headed hydra barely misses you. The 11-headed hydra bites you.
You die...

....Y.........~~P~~~~~~
....#.#..#....~P~~~~~~
...P#.P..#......~...♣
..........#...#.....#
.....Y..#YP....#...##
..P..#..............#
...##...Y...........#
.........DY.........#
....#.....@.........#
...##....#########..#
... #....#..P#.###..##
.....#..............)#
...................##
......##..<.........##
..#### ###.P..##.....#
.# ##.#..##....##
#......P....##


You could see a 11-headed hydra and 4 elephants.

Vanquished Creatures
  A two-headed ogre (D:8)
  Maggie (D:6)
  A rime drake (Lair:1)
  2 komodo dragons (Lair:1)
  A hornet (D:8)
  A wind drake (D:8)
  Sigmund (D:2)
  3 wyverns
  8 yaks (Lair:1)
  A basilisk (D:8)
  6 water moccasins
  An orc warrior (D:8)
  An ice beast (D:7)
  A swamp drake (D:8)
  An ogre (D:4)
  5 wolves (Lair:1)
  4 kobold brigands
  2 bullfrogs
  2 scorpions (D:6)
  An electric eel (D:6)
  2 howler monkeys (D:7)
  3 hounds
  A sleepcap (D:7)
  2 jellies
  Jessica (D:3)
  Ijyb (D:3)
  2 iguanas
  Natasha (thrice) (D:4)
  7 orc wizards
  6 hell rats (Lair:1)
  Robin (D:4)
  8 gnolls (D:5)
  9 adders
  3 white imps
  4 ufetubi
  2 dart slugs (D:2)
  26 orcs
  2 endoplasms (D:2)
  5 giant cockroaches
  9 hobgoblins
  9 jackals
  6 quokkas
  9 ball pythons
  6 bats
  5 frilled lizards
  15 goblins
  23 kobolds
  6 rats
  A spectral goblin (D:3)
221 creatures vanquished.

Notes
Turn   | Place    | Note
-------+----------+-------------------------------------------
     0 | D:1      | ralifanator the Troll Berserker began the quest for the
                  | Orb.
     0 | D:1      | Reached XP level 1. HP: 22/22 MP: 0/0
   447 | D:1      | Reached XP level 2. HP: 29/29 MP: 1/1
  1141 | D:2      | Reached ** piety under Trog
  1229 | D:2      | Reached XP level 3. HP: 32/36 MP: 2/2
  1291 | D:2      | Reached skill level 4 in Unarmed Combat
  1480 | D:2      | Reached XP level 4. HP: 44/44 MP: 3/3
  1534 | D:2      | Noticed Sigmund
  1550 | D:2      | Killed Sigmund
  1551 | D:2      | Reached skill level 5 in Unarmed Combat
  1551 | D:2      | Reached XP level 5. HP: 20/52 MP: 4/4
  1907 | D:3      | Reached *** piety under Trog
  1948 | D:3      | Reached XP level 6. HP: 59/59 MP: 5/5
  1967 | D:3      | Found a broken altar of Ashenzari.
  2221 | D:3      | Noticed Ijyb
  2228 | D:3      | Killed Ijyb
  2229 | D:3      | Reached skill level 1 in Stealth
  2283 | D:3      | Found a hazy altar of Hepliaklqana.
  2312 | D:3      | Found a faded altar of an unknown god.
  2420 | D:3      | Noticed Jessica
  2422 | D:3      | Killed Jessica
  2470 | D:4      | Noticed Robin
  2484 | D:4      | Killed Robin
  2638 | D:4      | Reached skill level 6 in Unarmed Combat
  2796 | D:4      | Noticed Natasha
  2827 | D:4      | Killed Natasha
  2894 | D:4      | Noticed Natasha
  2899 | D:4      | Reached XP level 7. HP: 67/67 MP: 6/6
  2909 | D:4      | Killed Natasha
  2964 | D:4      | Found an ancient bone altar of Kikubaaqudgha.
  3063 | D:4      | Noticed a fire elemental
  3066 | D:4      | Found a stormy altar of Qazlal.
  3069 | D:4      | Noticed a water elemental
  3069 | D:4      | Noticed an air elemental
  3152 | D:4      | Noticed Natasha
  3158 | D:4      | Killed Natasha
  3201 | D:4      | Found an iron altar of Okawaru.
  3260 | D:4      | Found an opulent altar of Gozag.
  3444 | D:4      | Found a snail-covered altar of Cheibriados.
  3472 | D:5      | Entered Level 5 of the Dungeon
  3665 | D:5      | Found a transporter.
  3678 | D:5      | Noticed Quickbrownfox's ghost (amateur DsCj)
  3725 | D:5      | Found a transporter.
  3771 | D:5      | Found a staircase to the Ecumenical Temple.
  3916 | D:5      | Reached **** piety under Trog
  4040 | D:5      | Reached skill level 7 in Unarmed Combat
  4052 | D:5      | Found a shadowy altar of Dithmenos.
  4690 | D:6      | Noticed Maggie
  4704 | D:6      | Killed Maggie
  4705 | D:6      | Reached skill level 8 in Unarmed Combat
  4705 | D:6      | Reached XP level 8. HP: 79/79 MP: 7/7
  4983 | D:6      | Found a white marble altar of Elyvilon.
  5088 | D:7      | Reached skill level 9 in Unarmed Combat
  5179 | D:7      | Found an ornate altar of the Wu Jian Council.
  5615 | D:8      | Noticed a hornet
  5620 | D:8      | Killed a hornet
  5621 | D:8      | Reached XP level 9. HP: 87/87 MP: 8/8
  5624 | D:8      | Noticed a two-headed ogre
  5635 | D:8      | Killed a two-headed ogre
  5636 | D:8      | Reached skill level 10 in Unarmed Combat
  6006 | D:8      | Identified the +2 robe "Ywken" {Fly rN+ Dex+3}
  6037 | D:8      | Reached skill level 5 in Fighting
  6038 | D:8      | Reached ***** piety under Trog
  6193 | D:8      | Noticed a komodo dragon
  6210 | D:8      | a komodo dragon changed into a wind drake
  6210 | D:8      | Noticed a wind drake
  6225 | D:8      | Reached skill level 11 in Unarmed Combat
  6239 | D:8      | Killed a wind drake
  6299 | D:8      | Reached skill level 5 in Dodging
  6344 | D:8      | Found a staircase to the Lair.
  6408 | Lair:1   | Entered Level 1 of the Lair of Beasts
  6473 | Lair:1   | Noticed a komodo dragon
  6479 | Lair:1   | Killed a komodo dragon
  6480 | Lair:1   | Reached XP level 10. HP: 67/96 MP: 9/9
  6541 | Lair:1   | Reached skill level 12 in Unarmed Combat
  6857 | Lair:1   | Reached skill level 1 in Evocations
  7273 | Lair:1   | Reached skill level 13 in Unarmed Combat
  7463 | Lair:2   | Noticed Gastronok
  7541 | Lair:2   | Noticed an elephant
  7542 | Lair:2   | Noticed an eight-headed hydra
  7543 | Lair:2   | Noticed an elephant
  7543 | Lair:2   | Noticed an elephant
  7558 | Lair:2   | Noticed an elephant
  7562 | Lair:2   | HP: 4/147 [11-headed hydra (4)]
  7562 | Lair:2   | Slain by an 11-headed hydra

Illustrated notes

Levels and vault maps discovered:
D:1:      wander_arrival_lonely_grave, layout_basic
D:2:      layout_basic, grunt_ministairs_14, uniq_sigmund
D:3:      layout_basic, nicolae_hepliaklqana_monster_ancestors,
          mainiacjoe_overflow_chevrons, shapermc_ecumenical_altar_notcrosses,
          uniq_jessica, uniq_ijyb
D:4:      layout_loops_ring, nicolae_qazlal_style_of_elements,
          mainiacjoe_overflow_alcove_2, mainiacjoe_overflow_swirl,
          old_standard_altar, dreamdust_princess_bridge, uniq_natasha,
          uniq_robin
D:5:      layout_loops_ring, mainiacjoe_overflow_boulevard, temple_doors_e,
          gammafunk_ghost_arena
D:6:      layout_basic, nicolae_elyvilon_temple_path, uniq_maggie
D:7:      layout_rooms, nzn_wu_jian_council_hall
D:8:      layout_loops_ring, erik_lair_dragon
Lair:1:   layout_long_grid
Lair:2:   layout_gridlike, swamp_mist_pool, guppyfry_snake_entry_garden,
          kennysheep_rathole, serial_bayou_shore_a, uniq_erica, uniq_gastronok

Skill      XL: |  1  2  3  4  5  6  7  8  9 10 |
---------------+-------------------------------+-----
Unarmed Combat | 4 5 6 8 9 11 13 | 13.3
Dodging        | 3 4 5 |  5.8
Stealth        | 1 2 |  2.9
Fighting       | 3 4 5 |  5.7
Evocations     | 1 |  1.2

Action                     |  1- 3 |  4- 6 |  7- 9 | 10-12 || total
---------------------------+-------+-------+-------+-------++-------
  Melee: Unarmed           |    97 |   131 |   311 |   109 ||   648
         Punch             |     2 |     1 |     9 |     8 ||    20
 Invoke: Berserk           |     1 |     4 |     8 |     4 ||    17
         Brothers in Arms  |       |       |       |     1 ||     1
  Evoke: Wand              |       |       |     4 |     7 ||    11
    Use: Scroll            |       |     1 |     5 |     3 ||     9
         Potion            |       |       |       |     1 ||     1
   Stab: Sleeping          |     1 |     5 |     1 |       ||     7
         Paralysed         |       |       |     2 |     2 ||     4
 Armour: Animal skin       |    40 |    48 |    28 |       ||   116
         Steam dragon scal |       |       |    44 |    27 ||    71
  Dodge: Dodged            |    46 |    74 |    94 |    58 ||   272
